 Dungeon Crawl Stone Soup version 0.31-a0-174-g85c54bcb58 (webtiles) character file.

Game seed: 3075844896056313714

1090 qw the Skirmisher (level 8, 0/73 HPs)
             Began as a Naga Hunter on June 15, 2023.
             Slain by Duvessa
             ... wielding a +1 short sword of venom
              (5 damage)
             ... on level 5 of the Dungeon.
             The game lasted 00:02:21 (3872 turns).

qw the Skirmisher (Naga Hunter)                     Turns: 3872, Time: 00:02:21

Health: 0/73       AC: 10    Str: 15    XL:     8   Next: 31%
Magic:  8/8        EV:  9    Int:  8    God:
Gold:   126        SH:  0    Dex: 20    Spells: 7/7 levels left

rFire   . . .        Y - +0 shortbow
rCold   + . .        (shield currently unavailable)
rNeg    . . .        d - +2 ring mail of Insatiable Hunger {rC+ Will+ Regen+ Str+3 Int-2}
rPois   +            f - +1 helmet
rElec   .            (no cloak)
rCorr   .            e - +0 pair of gloves
SInv    +            (no barding)
Will    ++...        (no amulet)
Stlth   +            (no ring)
HPRegen 1.12/turn    (no ring)
MPRegen 0.11/turn

%: no passive effects
@: lethally poisoned (0 -> -1), about to teleport, short of breath, very slow
A: AC +2, large, see invisible, deformed body, poison resistance, slowness 2,
spit poison 1, naga tail 1, stinger 1, agile 1, MP-powered wands, noise
suppression
a: Spit Poison


You were on level 5 of the Dungeon.
You visited 1 branch of the dungeon, and saw 5 of its levels.
You also visited: Sewer.

You collected 285 gold pieces.
You spent 159 gold pieces at shops.


Innate Abilities, Weirdness & Mutations

Your serpentine skin is tough. (AC +2)
You have supernaturally acute eyesight. (SInv)
Armour fits poorly on your strangely shaped body.
Your system is resistant to poisons. (rPois)
You cover ground very slowly.
You can spit poison.
You have a snake-like lower body.
Your tail ends in a venomous barb.
You are agile. (Dex +4, Str/Int -1)
You expend magic power (3 MP) to strengthen your wands.
You passively dampen the noise of your surroundings.


   Skills:
 + Level 4.6 Fighting
 - Level 8.0 Ranged Weapons
 - Level 1.5 Armour
 - Level 2.6 Dodging
 - Level 1.5 Stealth


You had 7 spell levels left.
You didn't know any spells.
Your spell library was empty.

Inventory:

Hand Weapons
 Y - a +0 shortbow (weapon)
Armour
 d - the +2 ring mail of Insatiable Hunger (worn) {rC+ Will+ Regen+ Str+3 Int-2}
   (You found it on level 2 of the Dungeon)

   Str:       It affects your strength (+3).
   Int:       It affects your intelligence (-2).
   rC:        It protects you from cold.
   Regen:     It increases your rate of health regeneration.
   Will:      It increases your willpower.
 e - a +0 pair of gloves (worn)
 f - a +1 helmet (worn)
Scrolls
 a - 3 scrolls of teleportation
 j - a scroll of identify
Potions
 b - a potion of magic {unknown}
 c - a potion of mutation
 g - a potion of ambrosia {unknown}
 h - a potion of haste

Dungeon Overview and Level Annotations

Branches:
Dungeon (5/15)             Temple (0/1) D:5           Sewer (visited)

Altars:
Cheibriados
The Shining One

Shops:
D:4 *

Annotations:
D:3 2 runed translucent doors, qw's ghost, amateur GrHu
D:5 Duvessa


Message History

Duvessa is moderately wounded.
Duvessa hits you with a +1 short sword of venom.
You shoot an arrow.
The arrow hits Duvessa but does no damage.
Duvessa is moderately wounded.
Duvessa hits you with a +1 short sword of venom.
Duvessa hits you with a +1 short sword of venom!
You are poisoned.
You shoot an arrow. The arrow closely misses Duvessa.
You feel very sick.
Duvessa hits you with a +1 short sword of venom.
Duvessa closely misses you.
You shoot an arrow.
The arrow hits Duvessa but does no damage.
Duvessa is moderately wounded.
You feel very sick.
Duvessa hits you with a +1 short sword of venom!
You shoot an arrow.
The arrow hits Duvessa but does no damage.
Duvessa is moderately wounded.
You have got your breath back.
You feel very sick. Duvessa hits you but does no damage.
Duvessa hits you with a +1 short sword of venom.
3870 ||| INVOKING Spit Poison.
Aiming: Spit Poison (1% risk of failure)
Press: ? - help, Shift-Dir - straight line, f/p - Duvessa The splash of poison hits Duvessa but does no damage.
Duvessa is moderately wounded.
You feel very sick.
Duvessa hits you with a +1 short sword of venom.
3871 ||| READING 4 scrolls of teleportation.
As you read the scroll of teleportation, it crumbles to dust.
You feel strangely unstable.
You feel sick.
Duvessa is no longer moving quickly.
Duvessa closely misses you.
Duvessa hits you with a +1 short sword of venom.
You shoot an arrow. The arrow barely misses Duvessa.
You feel sick.
Duvessa hits you with a +1 short sword of venom.
You die...

.#. #. #. .. .. .
# #.# .#.##.
#.#.. .#... #. ..
...#
#.##.#.>.#.#.
#.~.#...$.e......
..~.#...#@# #
~~.#.#.#)#.#.##.
.....#..........
#.....#.##.#.#
##.##.#....#.
#...........
##.#......##
#.##.###.#
#.##.###.#


You could see Duvessa (berserk).

Vanquished Creatures
  Grinder (D:4)
  Sigmund (D:4)
  Edmund (D:4)
  An orc warrior (D:4)
  2 bullfrogs (Sewer)
  Dowan (D:5)
  3 orc priests
  An iguana (D:5)
  Natasha (twice) (D:4)
  7 adders
  An ufetubus (D:4)
  5 worms
  6 dart slugs
  6 orcs
  5 endoplasms
  14 giant cockroaches
  5 hobgoblins
  8 jackals
  3 kobolds
  4 quokkas
  20 ball pythons
  7 bats
  12 frilled lizards
  5 goblins
  6 rats
127 creatures vanquished.

Notes
Turn   | Place    | Note
-------+----------+-------------------------------------------
     0 | D:1      | qw the Naga Hunter began the quest for the Orb.
     0 | D:1      | Reached XP level 1. HP: 19/19 MP: 1/1
     0 | D:1      | 0 ||| qw: Version: 0.2-a-29-g511e9b1
     0 | D:1      | 0 ||| qw: Game counter: 5333
     0 | D:1      | 0 ||| qw: Always use a shield: true
     0 | D:1      | 0 ||| qw: God list: Okawaru
     0 | D:1      | 0 ||| qw: Allow faded altars: false
     0 | D:1      | 0 ||| qw: Do Orc after D:15 true
     0 | D:1      | 0 ||| qw: Do second Lair branch before Depths: true
     0 | D:1      | 0 ||| qw: Lair rune preference: random
     0 | D:1      | 0 ||| qw: Plans: Normal
     0 | D:1      | 0 ||| PLANNING D:1-11
    13 | D:1      | 13 ||| INVOKING Spit Poison.
    18 | D:1      | 18 ||| INVOKING Spit Poison.
    23 | D:1      | Reached skill level 4 in Ranged Weapons
    23 | D:1      | Reached XP level 2. HP: 17/26 MP: 2/2
    23 | D:1      | 23 ||| INVOKING Spit Poison.
    39 | D:1      | 39 ||| INVOKING Spit Poison.
    62 | D:1      | 62 ||| INVOKING Spit Poison.
    79 | D:1      | 79 ||| INVOKING Spit Poison.
   109 | D:1      | 109 ||| INVOKING Spit Poison.
   119 | D:1      | 119 ||| INVOKING Spit Poison.
   136 | D:1      | 136 ||| INVOKING Spit Poison.
   217 | D:1      | 217 ||| INVOKING Spit Poison.
   313 | D:1      | 313 ||| INVOKING Spit Poison.
   359 | D:1      | 359 ||| INVOKING Spit Poison.
   363 | D:1      | Reached XP level 3. HP: 32/32 MP: 3/3
   372 | D:1      | 372 ||| INVOKING Spit Poison.
   419 | D:1      | 419 ||| READING scroll labelled OSYRID VIWOA.
   420 | D:1      | 420 ||| DRINKING 2 cyan potions.
   421 | D:1      | 421 ||| DRINKING 2 murky sapphire potions.
   422 | D:1      | 422 ||| DROPPING scroll of butterflies.
   423 | D:1      | 423 ||| DROPPING potion of invisibility.
   424 | D:1      | 424 ||| DROPPING potion of enlightenment.
   447 | D:2      | 447 ||| INVOKING Spit Poison.
   458 | D:2      | 458 ||| INVOKING Spit Poison.
   462 | D:2      | 462 ||| INVOKING Spit Poison.
   469 | D:2      | 469 ||| INVOKING Spit Poison.
   488 | D:2      | 488 ||| INVOKING Spit Poison.
   499 | D:2      | 499 ||| INVOKING Spit Poison.
   511 | D:2      | 511 ||| INVOKING Spit Poison.
   516 | D:2      | Identified the +2 ring mail of Insatiable Hunger {rC+ Will+
                  | Regen+ Str+3 Int-2}
   571 | D:2      | 571 ||| INVOKING Spit Poison.
   600 | D:2      | 600 ||| INVOKING Spit Poison.
   635 | D:2      | 635 ||| INVOKING Spit Poison.
   638 | D:2      | Reached skill level 5 in Ranged Weapons
   649 | D:2      | 649 ||| INVOKING Spit Poison.
   650 | D:2      | Reached XP level 4. HP: 39/39 MP: 4/4
   706 | D:2      | 706 ||| INVOKING Spit Poison.
   728 | D:2      | 728 ||| INVOKING Spit Poison.
   734 | D:2      | 734 ||| INVOKING Spit Poison.
   785 | D:2      | 785 ||| INVOKING Spit Poison.
   790 | D:2      | 790 ||| INVOKING Spit Poison.
   795 | D:2      | 795 ||| INVOKING Spit Poison.
   888 | D:2      | 888 ||| INVOKING Spit Poison.
   947 | D:2      | 947 ||| INVOKING Spit Poison.
  1057 | D:2      | 1057 ||| UPGRADING to +0 helmet.
  1062 | D:2      | 1062 ||| UPGRADING to +2 ring mail of Insatiable Hunger
                  | {rC+ Will+ Regen+ Str+3 Int-2}.
  1072 | D:2      | 1072 ||| DROPPING +0 leather armour.
  1073 | D:2      | 1073 ||| READING 2 scrolls labelled NEUQIDU DION.
  1101 | D:3      | 1101 ||| PLANNING SEWER
  1102 | D:3      | 1102 ||| INVOKING Spit Poison.
  1142 | D:3      | 1142 ||| INVOKING Spit Poison.
  1172 | D:3      | Found a large runed translucent door.
  1173 | D:3      | Found a large runed translucent door.
  1176 | D:3      | Noticed qw's ghost (amateur GrHu)
  1186 | D:3      | 1186 ||| INVOKING Spit Poison.
  1201 | D:3      | 1201 ||| INVOKING Spit Poison.
  1239 | D:3      | 1239 ||| INVOKING Spit Poison.
  1263 | D:3      | 1263 ||| INVOKING Spit Poison.
  1265 | D:3      | Reached skill level 3 in Fighting
  1268 | D:3      | 1268 ||| INVOKING Spit Poison.
  1274 | D:3      | Reached XP level 5. HP: 34/49 MP: 5/5
  1274 | D:3      | 1274 ||| INVOKING Spit Poison.
  1305 | D:3      | Found a glowing drain.
  1313 | D:3      | 1313 ||| READING scroll labelled EQYNOR ICEIRYTA.
  1317 | D:3      | 1317 ||| INVOKING Spit Poison.
  1327 | Sewer    | Entered a sewer
  1328 | Sewer    | 1328 ||| INVOKING Spit Poison.
  1353 | Sewer    | 1353 ||| INVOKING Spit Poison.
  1375 | Sewer    | 1375 ||| INVOKING Spit Poison.
  1381 | Sewer    | 1381 ||| INVOKING Spit Poison.
  1407 | Sewer    | 1407 ||| INVOKING Spit Poison.
  1410 | Sewer    | 1410 ||| INVOKING Spit Poison.
  1417 | Sewer    | 1417 ||| INVOKING Spit Poison.
  1423 | Sewer    | 1423 ||| INVOKING Spit Poison.
  1427 | Sewer    | 1427 ||| INVOKING Spit Poison.
  1430 | Sewer    | 1430 ||| INVOKING Spit Poison.
  1442 | Sewer    | 1442 ||| INVOKING Spit Poison.
  1446 | Sewer    | 1446 ||| INVOKING Spit Poison.
  1447 | Sewer    | 1447 ||| INVOKING Spit Poison.
  1453 | Sewer    | 1453 ||| INVOKING Spit Poison.
  1466 | Sewer    | 1466 ||| INVOKING Spit Poison.
  1493 | Sewer    | 1493 ||| INVOKING Spit Poison.
  1497 | Sewer    | 1497 ||| INVOKING Spit Poison.
  1532 | Sewer    | 1532 ||| INVOKING Spit Poison.
  1537 | Sewer    | 1537 ||| INVOKING Spit Poison.
  1542 | Sewer    | Reached skill level 6 in Ranged Weapons
  1542 | Sewer    | Reached XP level 6. HP: 32/56 MP: 6/6
  1542 | Sewer    | 1542 ||| INVOKING Spit Poison.
  1545 | Sewer    | 1545 ||| INVOKING Spit Poison.
  1550 | Sewer    | Reached skill level 1 in Armour
  1590 | Sewer    | 1590 ||| UPGRADING to +1 helmet.
  1600 | Sewer    | 1600 ||| DROPPING +0 helmet.
  1601 | Sewer    | 1601 ||| READING scroll labelled ZAUNAD PO OSEI.
  1616 | D:3      | 1616 ||| PLANNING D:1-11
  1689 | D:3      | 1689 ||| INVOKING Spit Poison.
  1695 | D:3      | 1695 ||| INVOKING Spit Poison.
  1701 | D:3      | 1701 ||| INVOKING Spit Poison.
  1724 | D:3      | 1724 ||| INVOKING Spit Poison.
  1728 | D:3      | 1728 ||| INVOKING Spit Poison.
  1747 | D:3      | 1747 ||| INVOKING Spit Poison.
  1749 | D:3      | 1749 ||| INVOKING Spit Poison.
  1752 | D:3      | 1752 ||| INVOKING Spit Poison.
  1846 | D:3      | 1846 ||| INVOKING Spit Poison.
  1851 | D:3      | Found a faded altar of an unknown god.
  1944 | D:3      | 1944 ||| INVOKING Spit Poison.
  2641 | D:4      | 2641 ||| INVOKING Spit Poison.
  2660 | D:4      | Noticed an orc warrior
  2662 | D:4      | 2662 ||| Stepping ~*~*~tactically~*~*~ (outnumbered).
  2664 | D:4      | 2664 ||| Stepping ~*~*~tactically~*~*~ (outnumbered).
  2665 | D:4      | 2665 ||| INVOKING Spit Poison.
  2669 | D:4      | 2669 ||| INVOKING Spit Poison.
  2671 | D:4      | Killed an orc warrior
  2674 | D:4      | 2674 ||| INVOKING Spit Poison.
  2675 | D:4      | Reached XP level 7. HP: 49/66 MP: 7/7
  2680 | D:4      | 2680 ||| INVOKING Spit Poison.
  2751 | D:4      | 2751 ||| INVOKING Spit Poison.
  2782 | D:4      | 2782 ||| INVOKING Spit Poison.
  2788 | D:4      | 2788 ||| INVOKING Spit Poison.
  2794 | D:4      | 2794 ||| INVOKING Spit Poison.
  2797 | D:4      | Found a glowing golden altar of the Shining One.
  2804 | D:4      | 2804 ||| INVOKING Spit Poison.
  2813 | D:4      | Identified the +8 hand axe "Luefree" {flame, rElec rPois
                  | rC+}
  2814 | D:4      | Noticed Natasha
  2816 | D:4      | 2816 ||| INVOKING Spit Poison.
  2822 | D:4      | 2822 ||| INVOKING Spit Poison.
  2823 | D:4      | Killed Natasha
  2845 | D:4      | Noticed Sigmund
  2847 | D:4      | 2847 ||| INVOKING Spit Poison.
  2850 | D:4      | Killed Sigmund
  2850 | D:4      | Noticed Edmund
  2851 | D:4      | Reached skill level 7 in Ranged Weapons
  2852 | D:4      | 2852 ||| INVOKING Spit Poison.
  2856 | D:4      | 2856 ||| INVOKING Spit Poison.
  2860 | D:4      | 2860 ||| INVOKING Spit Poison.
  2864 | D:4      | 2864 ||| INVOKING Spit Poison.
  2865 | D:4      | 2865 ||| INVOKING Spit Poison.
  2871 | D:4      | 2871 ||| INVOKING Spit Poison.
  2873 | D:4      | Killed Edmund
  2933 | D:4      | Found Memimm's Assorted Antiques.
  2936 | D:4      | 2936 ||| BUYING pair of gloves (85 gold).
  2936 | D:4      | Bought a pair of gloves for 85 gold pieces
  2936 | D:4      | 2936 ||| BUYING scroll of teleportation (57 gold).
  2936 | D:4      | Bought a scroll of teleportation for 57 gold pieces
  2936 | D:4      | 2936 ||| BUYING silvery potion (17 gold).
  2936 | D:4      | Bought a silvery potion for 17 gold pieces
  3013 | D:4      | 3013 ||| INVOKING Spit Poison.
  3150 | D:4      | 3150 ||| INVOKING Spit Poison.
  3184 | D:4      | Noticed Natasha
  3186 | D:4      | 3186 ||| INVOKING Spit Poison.
  3187 | D:4      | Killed Natasha
  3261 | D:4      | 3261 ||| INVOKING Spit Poison.
  3265 | D:4      | 3265 ||| INVOKING Spit Poison.
  3296 | D:4      | 3296 ||| INVOKING Spit Poison.
  3535 | D:4      | 3535 ||| INVOKING Spit Poison.
  3654 | D:4      | Found a snail-covered altar of Cheibriados.
  3655 | D:4      | Noticed Grinder
  3656 | D:4      | 3656 ||| INVOKING Spit Poison.
  3688 | D:4      | Killed Grinder
  3689 | D:4      | Reached XP level 8. HP: 73/73 MP: 8/8
  3760 | D:4      | 3760 ||| UPGRADING to +0 pair of gloves.
  3765 | D:4      | 3765 ||| READING scroll labelled QOLUCEFYUH.
  3797 | D:4      | 3797 ||| READING 2 scrolls labelled QOEP DUIVERR.
  3798 | D:4      | 3798 ||| DRINKING 2 dark potions.
  3798 | D:4      | Gained mutation: You expend magic power (3 MP) to
                  | strengthen your wands. [potion of mutation]
  3798 | D:4      | Gained mutation: You are agile. (Dex +4, Str/Int -1)
                  | [potion of mutation]
  3798 | D:4      | Gained mutation: Your tail ends in a venomous barb. [potion
                  | of mutation]
  3798 | D:4      | Gained mutation: You passively dampen the noise of your
                  | surroundings. [potion of mutation]
  3799 | D:4      | 3799 ||| DRINKING 2 silvery potions.
  3813 | D:5      | Entered Level 5 of the Dungeon
  3831 | D:5      | 3831 ||| INVOKING Spit Poison.
  3834 | D:5      | Reached skill level 8 in Ranged Weapons
  3847 | D:5      | Found a staircase to the Ecumenical Temple.
  3848 | D:5      | 3848 ||| PLANNING TEMPLE
  3848 | D:5      | Noticed Dowan
  3849 | D:5      | 3849 ||| INVOKING Spit Poison.
  3851 | D:5      | Noticed Duvessa
  3854 | D:5      | 3854 ||| INVOKING Spit Poison.
  3856 | D:5      | Killed Dowan
  3861 | D:5      | 3861 ||| INVOKING Spit Poison.
  3865 | D:5      | 3865 ||| INVOKING Spit Poison.
  3870 | D:5      | 3870 ||| INVOKING Spit Poison.
  3870 | D:5      | HP: 17/73 [poisoned by Duvessa]
  3871 | D:5      | 3871 ||| READING 4 scrolls of teleportation.
  3871 | D:5      | HP: 5/73 [Duvessa/+1 short sword of venom (5)]
  3872 | D:5      | Slain by Duvessa

Levels and vault maps discovered:
D:1:      dpeg_arrival_ternary, layout_rooms
D:2:      layout_basic, amethyst_killhole
D:3:      layout_loops_ring, dilly_ecumenical_altar_fadedgnrine,
          ebering_ghost_disaster_area, cheibrodos_sewer_entry_bend
D:4:      layout_layer_cave, mainiacjoe_overflow_cross_hatched,
          overflow_temple_1_default, serial_shops, nicolae_shop_real_fake_doors,
          uniq_natasha, uniq_edmund, uniq_grinder, uniq_sigmund
D:5:      layout_loops_corners, nicolae_overflow_squiral,
          minmay_temple_entry_ruins, uniq_duvessa, uniq_pikel, uniq_eustachio

Skill      XL: |  1  2  3  4  5  6  7  8 |
---------------+-------------------------+-----
Ranged Weapons | 4 5 6 7 8 |  8.0
Fighting       | 3 4 |  4.6
Armour         | 1 |  1.5
Dodging        | 2 |  2.6
Stealth        | |  1.5

Action                     |  1- 3 |  4- 6 |  7- 9 || total
---------------------------+-------+-------+-------++-------
   Fire: Shortbow          |    43 |   128 |   107 ||   278
Ability: Spit Poison       |    24 |    50 |    28 ||   102
    Use: Potion            |     2 |       |     2 ||     4
         Scroll            |     1 |     3 |     3 ||     7
 Armour: Leather armour    |     1 |     1 |       ||     2
         Ring mail         |       |    30 |    34 ||    64
  Dodge: Dodged            |     7 |    48 |    20 ||    75

Table legend:
 A = Non-vault XP
 B = Vault XP
 C = Vault XP percentage of total XP
 D = Non-vault monster count
 E = Vault monster count
 F = Vault count percentage of total count
                 A         B        C        D         E       F
            +---------+---------+-------+---------+---------+-------
      Total |     542 |    1016 |  65.2 |      90 |      37 |  29.1
            +---------+---------+-------+---------+---------+-------
        D:1 |      36 |       0 |   0.0 |      20 |       0 |   0.0
        D:2 |      73 |       0 |   0.0 |      27 |       0 |   0.0
        D:3 |      79 |       6 |   7.1 |      21 |       1 |   4.5
        D:4 |     318 |     674 |  67.9 |      21 |       4 |  16.0
        D:5 |      36 |      69 |  65.7 |       1 |       1 |  50.0
      Sewer |       0 |     267 | 100.0 |       0 |      31 | 100.0
            +---------+---------+-------+---------+---------+-------
